 Dungeon Crawl Stone Soup version 0.28-a0-938-gbc3f381ebc (webtiles) character file.

Game seed: 495082548654044893

28 siradein the Charlatan (level 2, 0/21 HPs)
             Began as a Demonspawn Artificer on Nov 28, 2021.
             Killed from afar by Sigmund (5 damage)
             ... with a puff of flame
             ... on level 2 of the Dungeon.
             The game lasted 00:02:15 (1268 turns).

siradein the Charlatan (Demonspawn Artificer)       Turns: 1268, Time: 00:02:16

Health: 0/21       AC:  6    Str: 12    XL:     2   Next: 96%
Magic:  2/2        EV:  9    Int: 12    God:
Gold:   22         SH:  0    Dex: 13    Spells: 1/1 levels left

rFire   . . .      SeeInvis .   l - +0 long sword
rCold   . . .      Faith    .   (no shield)
rNeg    . . .      Spirit   .   i - +0 scale mail
rPois   .          Reflect  .   (no helmet)
rElec   .          Harm     .   (no cloak)
rCorr   .          Rampage  .   (no gloves)
Will    .....                   (no boots)
Stlth   ..........              (no amulet)
HPRegen 0.07/turn               (no ring)
MPRegen 0.08/turn               (no ring)

@: no status effects
A: hooves 1
a: no special abilities


You were on level 2 of the Dungeon.
You visited 1 branch of the dungeon, and saw 2 of its levels.

You collected 22 gold pieces.

Inventory:

Hand Weapons
 l - a +0 long sword (weapon)
Armour
 b - a +0 leather armour
 i - a +0 scale mail (worn)
Wands
 c - a wand of flame (8) (quivered)
 d - a wand of charming (15)
Potions
 a - a potion of might {unknown}
 f - a potion of ambrosia {unknown}
 g - 2 potions of curing {unknown}
 h - a potion of cancellation {unknown}
 j - a potion of resistance {unknown}
 k - a potion of lignification {unknown}
Miscellaneous
 e - a piece from Xom's chessboard (15/15)


   Skills:
 + Level 1.5 Fighting
 + Level 0.3 Long Blades
 + Level 2.2 Armour
 + Level 1.4 Dodging
 - Level 0.8 Stealth
 + Level 3.2 Evocations


You had one spell level left.
You didn't know any spells.
Your spell library contained the following spells:

 Spells                   Type           Power      Damage    Failure   Level
 Conjure Flame            Conj/Fire      0%         6-21      99%         3
 Ignite Poison            Fire/Tmut/Pois 0%         N/A       99%         3
 Sticky Flame             Conj/Fire      0%         2d3       100%        4


Dungeon Overview and Level Annotations

Branches:
Dungeon (2/15)

Altars:

Annotations:
D:2 Sigmund


Innate Abilities, Weirdness & Mutations

You have large cloven feet.


Message History

Level annotation: Sigmund Sigmund smiles chillingly.
Sigmund completely misses you.
There is a stone staircase leading up, spattered with blood here.
Aiming: Throw Flame
Press: ? - help, Q - select action, (/) - cycle Shift-Dir - straight line, f - Sigmund
Aim: Sigmund, wielding a +0 scythe and wearing a +1 robe (68% to hit)
The puff of flame hits Sigmund.
Sigmund is lightly wounded.
Aiming: Throw Flame
Press: ? - help, Q - select action, (/) - cycle Shift-Dir - straight line, f/p - Sigmund
Aim: Sigmund, wielding a +0 scythe and wearing a +1 robe (lightly wounded, 68% to hit)
The puff of flame misses Sigmund.
Sigmund hits you with a +0 scythe.
Aiming: Throw Flame
Press: ? - help, Q - select action, (/) - cycle Shift-Dir - straight line, f/p - Sigmund
Aim: Sigmund, wielding a +0 scythe and wearing a +1 robe (lightly wounded, 68% to hit)
The puff of flame hits Sigmund.
Sigmund is moderately wounded.
Sigmund hits you with a +0 scythe!
Ouch! That really hurt!
* * * LOW HITPOINT WARNING * * *
Aiming: Throw Flame
Press: ? - help, Q - select action, (/) - cycle Shift-Dir - straight line, f/p - Sigmund
Aim: Sigmund, wielding a +0 scythe and wearing a +1 robe (moderately wounded, 68% to hit)
The puff of flame hits Sigmund.
Sigmund is heavily wounded.
Aiming: Throw Flame
Press: ? - help, Q - select action, (/) - cycle Shift-Dir - straight line, f/p - Sigmund
Aim: Sigmund, wielding a +0 scythe and wearing a +1 robe (heavily wounded, 68% to hit)
The puff of flame misses Sigmund.
Sigmund barely misses you.
Aiming: Throw Flame
Press: ? - help, Q - select action, (/) - cycle Shift-Dir - straight line, f/p - Sigmund
Aim: Sigmund, wielding a +0 scythe and wearing a +1 robe (heavily wounded, 68% to hit)
The puff of flame hits Sigmund!
Sigmund is severely wounded.
Sigmund casts a spell at you. The puff of flame hits you.
You die...

####......##.####
.................
##.#...#..#....##
........g........
...#....g...######
##.#..#.#.#########
#.......#.........#
#.r.#.g♣♣♣♣♣≈.....#
#...K.♣≈≈≈≈≈≈♣.@@.#
.....#♣≈≈≈≈≈≈≈P≈♣♣#
#@...#≈≈≈P≈≈≈P≈≈≈≈
.....≈≈≈≈≈P≈≈≈≈≈≈≈≈
#...gP≈≈≈≈≈≈≈≈≈≈≈≈P≈≈
#...♣.≈..P♣≈≈≈≈PP≈≈≈P
#....≈.....≈..≈≈≈P≈♣#
#.$.................
.P≈P≈.


You could see Sigmund.

Vanquished Creatures
  A dart slug (D:1)
  2 endoplasms (D:1)
  2 giant cockroaches
  6 goblins (D:1)
  A hobgoblin (D:1)
  A quokka (D:1)
  3 ball pythons (D:1)
  3 bats
  2 kobolds (D:1)
  A rat (D:1)
22 creatures vanquished.

Vanquished Creatures (others)
  4 plants (D:2)
4 creatures vanquished.

Grand Total: 26 creatures vanquished

Notes
Turn   | Place    | Note
-------+----------+-------------------------------------------
     0 | D:1      | siradein the Demonspawn Artificer began the quest for the
                  | Orb.
     0 | D:1      | Reached XP level 1. HP: 15/15 MP: 1/1
    88 | D:1      | Reached skill level 1 in Dodging
   318 | D:1      | Discovered your monstrous ancestry.
   318 | D:1      | Gained mutation: You have large cloven feet. [demonic
                  | ancestry]
   318 | D:1      | Reached XP level 2. HP: 21/21 MP: 2/2
   565 | D:1      | Found a faded altar of an unknown god.
   811 | D:2      | Noticed Sigmund
  1268 | D:2      | Killed from afar by Sigmund

Illustrated notes

Levels and vault maps discovered:
D:1:      lightli_arrival_chessboard, layout_basic,
          ebering_ecumenical_altar_mist
D:2:      layout_basic, serial_bayou, serial_bayou_lake_a, serial_bayou_pond_d,
          serial_bayou_shore_a, serial_bayou_shore_b, serial_bayou_ford_a,
          serial_bayou_pond_a, basic_altar, grunt_ministairs_15,
          uniq_crazy_yiuf_cottage, uniq_sigmund, uniq_robin

Skill      XL: |  1 |
---------------+----+-----
Dodging        | 1 |  1.4
Armour         | 2 |  2.2
Fighting       | |  1.5
Long Blades    | |  0.3
Stealth        | |  0.8
Evocations     | |  3.2

Action                   || total
-------------------------++-------
Melee: Club              ||    21
       Dagger            ||    23
       Long sword        ||    32
       Kick              ||    14
Evoke: Wand              ||     7
 Stab: Sleeping          ||     3
Armor: Leather armour    ||    23
       Scale mail        ||    18
Dodge: Dodged            ||    56

Table legend: (Time is in decaauts)
 A = Elapsed time spent in this place.
 B = Non-inter-level travel time spent in this place.
 C = Inter-level travel time spent in this place.
 D = Time resting spent in this place.
 E = Time spent auto-exploring this place.
 F = Levels seen in this place.
 G = Mean time per level.
                   A        B        C        D        E       F      G
               +--------+--------+--------+--------+--------+-----+--------+
         Total |   1291 |   1283 |      8 |    440 |    517 |   2 |  645.5 |
       Dungeon |   1291 |   1283 |      8 |    440 |    517 |   2 |  645.5 |
               +--------+--------+--------+--------+--------+-----+--------+

Top non-repeatable levels by time:
     D:1: 1161 daAuts
     D:2: 129 daAuts
